 Dungeon Crawl Stone Soup version 0.31-a0-836-g3ceb0a68c4 (webtiles) character file.

Game seed: 9170542471619350244

250171 Dirtsage the Severer (level 18, 0/157 (158) HPs)
             Began as a Demonspawn Berserker on Sept 25, 2023.
             Was the Champion of Trog.
             Killed from afar by a deep elf knight (46 damage)
             ... with a shard of ice
             ... on level 2 of the Elven Halls on Sept 26, 2023.
             The game lasted 01:19:28 (31935 turns).

Dirtsage the Severer (Demonspawn Berserker)        Turns: 31935, Time: 01:19:28

HP:   0/157 (158)   AC: 21    Str: 28    XL:     18   Next: 90%
MP:   18/18         EV: 26    Int:  8    God:    Trog [******]
Gold: 427           SH: 19    Dex: 18    Spells: 17/17 levels left

rFire   + + .        R - +9 broad axe (vamp)
rCold   . . .        p - +0 kite shield of Absence {rF+ Dex+4}
rNeg    . . .        Y - quicksilver dragon scales "Ydineaw" {Will+ Str+6 Int-4 Stlth+}
rPois   +            r - +0 helmet of the Vanishing Queens {Stlth+}
rElec   +            e - +1 cloak
rCorr   .            F - +0 pair of gloves
SInv    .            V - +0 pair of boots
Will    ++...        Q - amulet of reflection
Stlth   +++          S - ring "Wiun" {rElec rF+ EV+5 Dex+3}
HPRegen 0.46/turn    i - ring "Vueptaz" {Fly rPois}
MPRegen 0.16/turn

%: reflection
@: on berserk cooldown, flying, slowed, lightly drained, very slow
A: repulsion field 2, foul stench 2, spiny 2, weakness stinger 2, clumsy 1,
robust 1, sturdy frame 1
}: 2/15 runes: decaying, gossamer
a: Renounce Religion, Berserk, Trog's Hand, Brothers in Arms


You were on level 2 of the Elven Halls.
You worshipped Trog.
Trog was exalted by your worship.
You visited 7 branches of the dungeon, and saw 33 of its levels.
You also visited: Sewer, Bailey, Gauntlet, Ice Cave and Volcano.

You collected 4436 gold pieces.
You spent 4009 gold pieces at shops.

Inventory:

Hand Weapons
 L - the +8 broad axe of Cataclysm {speed, Str+2 SInv}
   (You acquired it on level 2 of the Spider Nest)

   Str+2:     It affects your strength (+2).
   SInv:      It lets you see invisible.
 R - a +9 vampiric broad axe (weapon)
Missiles
 u - 19 curare-tipped darts
 X - a throwing net
Armour
 e - a +1 cloak (worn)
 p - the +0 kite shield of Absence (worn) {rF+ Dex+4}
   (You found it in a Gauntlet)

   Dex+4:     It affects your dexterity (+4).
   rF+:       It protects you from fire.
 r - the +0 helmet of the Vanishing Queens (worn) {Stlth+}
   (You found it in a Gauntlet)

   Stlth+:    It makes you more stealthy.
 F - a +0 pair of gloves (worn)
 V - a +0 pair of boots (worn)
 Y - the quicksilver dragon scales "Ydineaw" (worn) {Will+ Str+6 Int-4 Stlth+}
   (You bought it in a shop on level 2 of the Orcish Mines)

   Str+6:     It affects your strength (+6).
   Int-4:     It affects your intelligence (-4).
   Will+:     It increases your willpower.
   Stlth+:    It makes you more stealthy.
Jewellery
 i - the ring "Vueptaz" (right hand) {Fly rPois}
   (You found it on level 5 of the Lair of Beasts)

   [ring of flight]

   rPois:     It protects you from poison Fly: It grants you flight.
 C - a ring of resist corrosion
 I - a ring of protection from cold
 Q - an amulet of reflection (around neck)
 S - the ring "Wiun" (left hand) {rElec rF+ EV+5 Dex+3}
   (You bought it in a shop on level 2 of the Orcish Mines)

   [ring of evasion]

   EV+5:      It affects your evasion (+5).
   Dex+3:     It affects your dexterity (+3).
   rF+:       It protects you from fire.
   rElec:     It insulates you from electricity.
 U - the amulet of Quaduade {rElec Regen+}
   (You found it on level 5 of the Lair of Beasts)

   [amulet of regeneration]

   rElec:     It insulates you from electricity.
   Regen+:    It increases your rate of health regeneration.
Wands
 D - a wand of quicksilver (14)
 O - a wand of mindburst (43)
Scrolls
 f - 6 scrolls of revelation
 g - 2 scrolls of fear
 j - 5 scrolls of noise
 k - 2 scrolls of brand weapon
 m - 2 scrolls of poison
 s - 9 scrolls of immolation
 t - 16 scrolls of teleportation
 v - 5 scrolls of fog
 y - 7 scrolls of enchant armour
 z - a scroll of enchant weapon
 A - a scroll of butterflies
 B - 8 scrolls of blinking
 H - a scroll of silence
 K - 6 scrolls of vulnerability
 N - a scroll of torment
Potions
 c - 3 potions of enlightenment
 d - 11 potions of might
 h - 4 potions of haste
 l - 11 potions of heal wounds
 n - a potion of resistance
 q - 14 potions of curing
 w - 9 potions of brilliance
 x - 7 potions of magic
 E - 2 potions of mutation
 G - 6 potions of cancellation
 J - 7 potions of attraction
 M - 4 potions of berserk rage
 P - 11 potions of invisibility
 T - 8 potions of ambrosia
 Z - 2 potions of lignification
Miscellaneous
 a - a lightning rod (4/4)
 b - a phantom mirror
 o - a phial of floods
 W - a tin of tremorstones (2/2)


   Skills:
 + Level 13.6 Fighting
 - Level 18.0 Axes
 + Level 12.1 Armour
 + Level 12.0 Dodging
 * Level 14.5 Shields
 + Level 12.5 Evocations


You had 17 spell levels left.
You didn't know any spells.
Your spell library contained the following spells:

 Spells                   Type           Power      Damage    Failure   Level
 Necrotise                Necr           0%         1d4       58%         1
 Shock                    Conj/Air       0%         1d3       58%         1
 Sting                    Tmut/Pois      0%         1d3       58%         1
 Summon Small Mammal      Summ           0%         N/A       58%         1
 Ensorcelled Hibernation  Hex/Ice        0%         N/A       73%         2
 Lesser Beckoning         Tloc           0%         N/A       73%         2
 Poisonous Vapours        Pois/Air       0%         N/A       73%         2
 Sublimation of Blood     Necr           0%         N/A       73%         2
 Wereblood                Tmut           0%         N/A       73%         2
 Call Canine Familiar     Summ           0%         N/A       91%         3
 Confusing Touch          Hex            0%         N/A       91%         3
 Dazzling Flash           Conj/Hex       0%         N/A       91%         3
 Frozen Ramparts          Ice            0%         1d1       91%         3
 Gell's Gravitas          Tloc           0%         N/A       91%         3
 Inner Flame              Hex/Fire       0%         N/A       91%         3
 Mephitic Cloud           Conj/Pois/Air  0%         N/A       91%         3
 Summon Guardian Golem    Hex/Summ       0%         N/A       91%         3
 Teleport Other           Tloc           0%         N/A       91%         3
 Airstrike                Air            0%         2d(0-16)  100%        4
 Anguish                  Hex/Necr       0%         N/A       100%        4
 Cause Fear               Hex            0%         N/A       100%        4
 Flame Wave               Conj/Fire      0%         2d4       100%        4
 Olgreb's Toxic Radiance  Pois           0%         N/A       100%        4
 Petrify                  Tmut/Erth      0%         N/A       100%        4
 Sticky Flame             Conj/Fire      0%         2d3       100%        4
 Agony                    Necr           0%         N/A       100%        5
 Freezing Cloud           Conj/Ice/Air   0%         6-21      100%        5
 Metabolic Englaciation   Hex/Ice        0%         N/A       100%        5
 Silence                  Hex/Air        0%         N/A       100%        5
 Summon Forest            Summ/Tloc      0%         N/A       100%        5
 Summon Mana Viper        Hex/Summ       0%         N/A       100%        5
 Eringya's Noxious Bog    Tmut/Pois      0%         4d6       100%        6
 Simulacrum               Ice/Necr       0%         N/A       100%        6
 Summon Cactus Giant      Summ           0%         N/A       100%        6
 Enfeeble                 Hex            0%         N/A       100%        7
 Summon Hydra             Summ           0%         N/A       100%        7
 Maxwell's Capacitive Co  Air            0%         ∞         100%        8


Dungeon Overview and Level Annotations

Branches:
Dungeon (15/15)            Temple (1/1) D:4            Lair (5/5) D:10
  Swamp (4/4) Lair:3       Spider (4/4) Lair:3        Slime (0/5) Lair:4
    Orc (2/2) D:11            Elf (2/3) Orc:2        Vaults (0/5) D:14
 Depths (0/4) D:15          Sewer (visited)          Bailey (visited)
  IceCv (visited)         Volcano (visited)         Gauntlet (visited)

Altars:
Ashenzari
Cheibriados
Dithmenos
Fedhas
Gozag
Hepliaklqana
Kikubaaqudgha
Makhleb
Nemelex Xobeh
Okawaru
Qazlal
Ru
Sif Muna
Trog
Uskayaw
Vehumet
Wu Jian
Xom
Yredelemnul
Jiyva
Lugonu

Shops:
D:5 :   Orc:2 [=(?   Elf:2 **

Portals:
Abyss: Lair:5
Trove: D:10 (give +2 gold dragon scales)

Annotations:
D:10 Treasure +2 gold scale
Elf:2 1 runed translucent door, Zoiloeb's ghost, adept CeHu


Innate Abilities, Weirdness & Mutations

You are surrounded by a moderate repulsion field. (EV +3)
You sometimes emit foul miasma when damaged in melee.
You are mostly covered in sharp spines.
You have a tail ending in a sharp stinger.
You are clumsy. (Dex -2)
You are robust. (+10% HP)
Your movements are slightly less encumbered by armour. (ER -2)


Message History

The deep elf knight flickers and vanishes!
You hear a bow twang.
An arrow appears from out of thin air!
The arrow hits you.
You take 2 damage, and have 115/235 hp.
You are no longer berserk.
You are exhausted.
You feel yourself slow down.
You hear a bow twang.
An arrow appears from out of thin air!
You block the arrow with an invisible shield... and reflect it back!
You now have 77/157 hp.
An arrow appears from out of thin air!
You block the arrow with an invisible shield... and reflect it back!
An arrow appears from out of thin air!
The arrow closely misses you.
There is an open translucent gate here.
The teleport trap disappears.
A deep elf knight comes into view. It is wielding a +0 short sword.
You hear some strange, mumbled words.
A shard of ice appears from out of thin air!
The shard of ice misses you.
You hear some strange, mumbled words.
A shard of ice appears from out of thin air!
The shard of ice misses you.
You hear a bow twang.
An arrow appears from out of thin air!
The arrow misses you.
You hear a bow twang.
An arrow appears from out of thin air!
The arrow hits you but does no damage.
You hear some strange, mumbled words.
A shard of ice appears from out of thin air!
The shard of ice hits you!!
* * * LOW HITPOINT WARNING * * *
You hear a bow twang.
An arrow appears from out of thin air!
The arrow closely misses you.
You take 33 damage, and have 46/157 hp.
MASSIVE DAMAGE!!
You hear a bow twang.
An arrow appears from out of thin air!
You block the arrow with an invisible shield... and reflect it back!
A shard of ice appears from out of thin air!
The shard of ice hits you!!!
You die...

∩.#...##..........##
....####⌠.)........##
......... ...##
#.)).........#
......... ..###
#...)......⌠.#
##....... .###
##...........#
##....... ###
##..........###......#
##
##.........##....§.# #
##..⌠.....##..).).#
##...@...'....)..##
#######''..)°....###
#..{.))).......
#................ #
#.......e......... #
#.....)............ #
....................
####
....................
...#
...................


There were no monsters in sight!

Vanquished Creatures
  Saint Roka (Orc:2)
  Nikola (Swamp:3)
  Arachne (Spider:2)
  A deep elf blademaster (Elf:2)
  2 thorn hunters (Swamp:4)
  2 emperor scorpions
  A fenstrider witch (Swamp:1)
  An orc warlord (Bailey)
  5 ghost moths
  4 broodmothers
  3 eleionomae
  3 spark wasps
  Azrael (Spider:2)
  A minotaur (Gauntlet)
  An ettin (D:15)
  6 bunyips
  The ghost of Ucobeodgho the Fighter, a journeyman GrEE of Vehumet (Lair:5)
  The ghost of Hyjonapnau the Eclecticist, a journeyman DESh of Vehumet (Lair:5)
  A deep elf death mage (Elf:2)
  5 entropy weavers
  Josephine (Swamp:1)
  A shambling mangrove (Swamp:4)
  The ghost of casual the Cleaver, a journeyman MeBe of Trog (D:9)
  22 hydras
  3 ghost crabs
  4 centaur warriors
  4 catoblepae
  A spriggan air mage (Swamp:3)
  Erica (D:8)
  A jorogumo (Spider:3)
  A death knight (D:13)
  6 radroaches
  8 alligators
  2 ironbound frosthearts (IceCv)
  5 two-headed ogres
  10 boulder beetles
  5 death yaks (IceCv)
  7 demonic crawlers
  2 orc high priests (Orc:2)
  12 dancing weapons
  A vampire mage (D:12)
  4 thrashing horrors (Lair:5)
  Nergalle (Lair:2)
  7 deep elf knights
  A hell knight (Volcano)
  3 goliath frogs
  3 sun moths
  6 pharaoh ants
  5 spriggan druids
  A death drake (Swamp:3)
  A deep troll (D:15)
  6 orb spiders
  6 bog bodies
  2 steelbarb worms (Spider:2)
  Pikel (D:5)
  15 swamp dragons
  5 deep elf archers (Elf:1)
  5 orc knights
  10 deep elf pyromancers
  A necromancer (D:15)
  10 deep elf zephyrmancers
  6 ugly things
  5 orc sorcerers
  24 wolf spiders
  3 cyclopes
  3 manticores
  5 will-o-the-wisps
  Maurice (Orc:2)
  A moth of wrath (Spider:4)
  4 black mambas (Lair:3)
  A centaur zombie (D:11)
  17 elephants
  An ice statue (IceCv)
  2 torpor snails
  2 smoke demons
  3 gargoyles
  A minotaur zombie (Gauntlet)
  Psyche (D:8)
  5 rime drakes
  2 unseen horrors
  7 cane toads
  A komodo dragon (shapeshifter) (Lair:5)
  A yaktaur (D:15)
  A freezing wraith (D:9)
  9 komodo dragons
  6 trolls
  A tengu conjurer (D:15)
  12 hornets
  3 red devils (Volcano)
  A bloated husk (Swamp:1)
  11 polar bears (IceCv)
  9 tyrant leeches
  42 tarantellas
  18 blink frogs
  26 jumping spiders
  3 flying skulls (Gauntlet)
  8 spriggans
  An air elemental (Elf:1)
  7 wraiths
  2 ynoxinuls (Lair:5)
  A centaur simulacrum (D:11)
  76 yaks
  20 culicivoras
  Sigmund (D:6)
  4 shadows
  5 fire elementals
  4 wyverns
  10 vampires
  4 basilisks
  6 water elementals
  3 large abominations (Lair:5)
  47 redbacks
  2 chaos spawn (Lair:5)
  6 humans (D:8)
  19 vampire mosquitoes
  3 steam dragons
  14 swamp worms
  2 wargs (Orc:2)
  2 acid dragons
  4 hell hounds (Spider:2)
  6 water moccasins
  51 orc warriors
  An ice beast (D:5)
  10 small abominations (Lair:5)
  A sky beast (D:7)
  6 swamp drakes (Swamp:4)
  A black bear (Lair:4)
  3 boggarts (D:15)
  7 ogres
  43 wolves
  6 centaurs
  3 lemures (D:5)
  A phantom (D:7)
  An earth elemental (Elf:1)
  9 bullfrogs
  4 kobold brigands
  A scorpion (D:5)
  A gnoll sergeant (D:5)
  16 wights
  4 killer bees (D:10)
  6 electric eels
  A howler monkey (D:10)
  7 jellies
  29 orc priests
  4 hounds
  A gnoll bouda (D:8)
  Jessica (D:8)
  4 iguanas
  31 orc wizards
  4 sleepcaps (D:6)
  2 howler monkey zombies (D:11)
  13 adders
  12 gnolls
  A howler monkey skeleton (D:11)
  8 river rats
  A shadow imp (D:5)
  2 white imps
  3 ufetubi
  A worm (D:2)
  A dart slug (D:3)
  98 orcs
  6 endoplasms
  20 goblins
  22 hobgoblins
  2 jackals (D:8)
  33 kobolds
  2 quokkas
  20 ball pythons
  2 bats (D:3)
  8 frilled lizards
  29 rats
  A spectral weapon (Swamp:3)
1272 creatures vanquished.

Vanquished Creatures (collateral kills)
  The ghost of Jetich the Warmonger, a journeyman FoFi of Okawaru (Lair:5)
  The ghost of Xaddion the Thaumaturge, a journeyman DjIE of Makhleb (Lair:5)
  A raiju (Lair:5)
  2 blink frogs (Lair:5)
  2 small abominations (Lair:5)
  An orc warrior (Orc:2)
  An orc (Orc:2)
9 creatures vanquished.

Vanquished Creatures (others)
  A deep elf knight (Elf:1)
  An orb spider (Spider:2)
  A deep elf pyromancer (Elf:1)
  2 bloated husks
  A water elemental (Elf:1)
  2 vampire mosquitoes (Swamp:1)
  A hound (D:8)
  26 foxfires
35 creatures vanquished.

Grand Total: 1316 creatures vanquished

Notes
Turn   | Place    | Note
-------+----------+-------------------------------------------
     0 | D:1      | Dirtsage the Demonspawn Berserker began the quest for the
                  | Orb.
     0 | D:1      | Reached XP level 1. HP: 18/18 MP: 1/1
    57 | D:1      | HP: 1/27 [quokka (2)]
   246 | D:1      | Reached skill level 3 in Axes
   340 | D:1      | Gained mutation: You have a small tail. [demonic ancestry]
   340 | D:1      | Reached XP level 2. HP: 14/24 MP: 2/2
   501 | D:1      | Got a tattered book
   514 | D:1      | Found a faded altar of an unknown god.
   522 | D:1      | Got a grimy book
  1039 | D:2      | Saving game... please wait.
  1311 | D:2      | Gained mutation: You are surrounded by a mild repulsion
                  | field. (EV +2) [demonic ancestry]
  1311 | D:2      | Reached XP level 3. HP: 22/29 MP: 3/3
  1756 | D:3      | Reached skill level 4 in Axes
  1995 | D:3      | Reached ** piety under Trog
  2196 | D:3      | Reached XP level 4. HP: 35/35 MP: 4/4
  2209 | D:3      | Upgraded the game from 0.31-a0-833-gc15d34cb79 to
                  | 0.31-a0-836-g3ceb0a68c4
  2613 | D:4      | You fall into a shaft and drop 3 floors!
  2679 | D:7      | Reached skill level 5 in Axes
  2679 | D:7      | Reached XP level 5. HP: 30/41 MP: 5/5
  2730 | D:7      | Reached skill level 6 in Axes
  2813 | D:7      | Reached XP level 6. HP: 35/47 MP: 6/6
  2907 | D:7      | Reached skill level 7 in Axes
  3005 | D:6      | Gained mutation: You may rarely emit foul miasma when
                  | damaged in melee. [demonic ancestry]
  3005 | D:6      | Reached XP level 7. HP: 46/52 MP: 7/7
  3337 | D:6      | Reached skill level 8 in Axes
  3385 | D:5      | Entered Level 5 of the Dungeon
  3389 | D:5      | Found a glowing drain.
  3478 | Sewer    | Entered a sewer
  3676 | Sewer    | Reached *** piety under Trog
  3992 | Sewer    | Reached skill level 9 in Axes
  3992 | Sewer    | Reached XP level 8. HP: 58/58 MP: 8/8
  4109 | D:5      | Noticed Pikel
  4129 | D:5      | Killed Pikel
  4130 | D:5      | Reached skill level 10 in Axes
  4390 | D:5      | Identified the +4 hand axe of Mayhem {chaos, rElec rF+}
  4400 | D:5      | Reached skill level 11 in Axes
  4466 | D:4      | Reached **** piety under Trog
  4467 | D:4      | Gained mutation: You sometimes emit foul miasma when
                  | damaged in melee. [demonic ancestry]
  4467 | D:4      | Reached XP level 9. HP: 60/63 MP: 9/9
  4668 | D:4      | Found a shimmering altar of Xom.
  5023 | D:4      | Found a staircase to the Ecumenical Temple.
  5030 | Temple   | Entered the Ecumenical Temple
  5370 | D:5      | Found Xogirr's Vocational Training.
  5904 | D:6      | Noticed Sigmund
  5910 | D:6      | Reached skill level 12 in Axes
  5914 | D:6      | Killed Sigmund
  6654 | D:8      | Noticed Erica
  6667 | D:8      | Killed Erica
  6668 | D:8      | Reached skill level 13 in Axes
  6757 | D:8      | Reached XP level 10. HP: 70/70 MP: 10/10
  7231 | D:8      | Found a flagged portal.
  7241 | Bailey   | Entered a bailey
  7312 | Bailey   | Reached ***** piety under Trog
  7404 | Bailey   | Reached skill level 14 in Axes
  7502 | Bailey   | Received a gift from Trog
  7612 | Bailey   | Noticed an orc warlord
  7625 | Bailey   | Killed an orc warlord
  7857 | D:8      | Gained mutation: You are partially covered in sharp spines.
                  | [demonic ancestry]
  7857 | D:8      | Reached XP level 11. HP: 77/77 MP: 11/11
  8042 | D:8      | Noticed Jessica
  8042 | D:8      | Noticed Psyche
  8069 | D:8      | Killed Psyche
  8070 | D:8      | Reached skill level 5 in Fighting
  8073 | D:8      | Killed Jessica
  8075 | D:8      | Reached XP level 12. HP: 45/86 MP: 12/12
  8645 | D:9      | Found a runed translucent gate.
  8647 | D:9      | Found a runed translucent gate.
  8648 | D:9      | Found a runed translucent gate.
  8651 | D:9      | Noticed casual's ghost (journeyman MeBe)
  8673 | D:9      | Got a sooty book
  8812 | D:9      | Noticed an Executioner
  8814 | D:9      | Found a burning altar of Makhleb.
  8819 | D:9      | Noticed an angel
  9019 | D:9      | Noticed a two-headed ogre
  9024 | D:9      | Killed a two-headed ogre
  9183 | D:9      | Received a gift from Trog
  9610 | D:9      | Reached skill level 5 in Armour
  9610 | D:9      | Reached skill level 5 in Dodging
  9613 | D:9      | Killed casual's ghost
  9647 | D:9      | Identified the amulet "Porugeaz" {Faith rC+ Str-4 Int+4}
  9666 | D:10     | Entered Level 10 of the Dungeon
  9768 | D:10     | Found a portal to a secret trove of treasure.
 10184 | D:10     | Found a staircase to the Lair.
 10200 | Lair:1   | Entered Level 1 of the Lair of Beasts
 10354 | Lair:1   | Identified the +2 lajatang of the Bouncing Teeth {heavy,
                  | rElec rN+}
 10366 | Lair:1   | Reached skill level 15 in Axes
 10702 | Lair:1   | Identified the +7 chain mail of the Circus Animal {-Tele
                  | Will++ Dex+3 Stlth+}
 11056 | Lair:2   | Noticed Nergalle
 11069 | Lair:2   | Killed Nergalle
 11374 | Lair:2   | Noticed a catoblepas
 11402 | Lair:2   | Killed a catoblepas
 11503 | Lair:2   | Noticed a catoblepas
 11514 | Lair:2   | Reached skill level 1 in Shields
 11514 | Lair:2   | Reached XP level 13. HP: 87/96 MP: 13/13
 11572 | Lair:2   | Received a gift from Trog
 11924 | Lair:3   | Found a hole to the Spider Nest.
 12029 | Lair:3   | Found a dark tunnel.
 12039 | Volcano  | Entered a volcano
 12364 | Lair:3   | Found a staircase to the Swamp.
 13207 | Spider:1 | Entered Level 1 of the Spider Nest
 13238 | Lair:3   | Gained mutation: Armour fits poorly on your strangely
                  | shaped body. [mutagenic glow]
 13300 | Lair:3   | Lost mutation: Armour fits poorly on your strangely shaped
                  | body. [potion of mutation]
 13300 | Lair:3   | Gained mutation: You are strong-willed. (Will+) [potion of
                  | mutation]
 13300 | Lair:3   | Gained mutation: You have a pair of small horns on your
                  | head. [potion of mutation]
 13538 | Lair:4   | Reached skill level 5 in Shields
 13805 | Lair:4   | Gained mutation: You are mostly covered in sharp spines.
                  | [demonic ancestry]
 13805 | Lair:4   | Reached XP level 14. HP: 101/106 MP: 14/14
 13980 | Lair:4   | Found a staircase to the Slime Pits.
 13992 | Lair:4   | Found a viscous altar of Jiyva.
 14591 | Lair:5   | Entered Level 5 of the Lair of Beasts
 14617 | Lair:5   | Found a gate leading to a gauntlet.
 14628 | Gauntlet | Entered a Gauntlet
 14628 | Gauntlet | Found a transporter.
 14628 | Gauntlet | Found a transporter.
 14644 | Gauntlet | Found a transporter.
 14648 | Gauntlet | Found a transporter.
 14658 | Gauntlet | Found a transporter.
 14662 | Gauntlet | Found a transporter.
 14674 | Gauntlet | Found a transporter.
 14683 | Gauntlet | Noticed a cacodemon
 14693 | Gauntlet | Found a transporter.
 14710 | Gauntlet | Found a transporter.
 14714 | Gauntlet | Found a transporter.
 14726 | Gauntlet | Found a transporter.
 14730 | Gauntlet | Found a transporter.
 14813 | Gauntlet | Lost mutation: You have a pair of small horns on your head.
                  | [potion of mutation]
 14813 | Gauntlet | Lost mutation: You are strong-willed. (Will+) [potion of
                  | mutation]
 14813 | Gauntlet | Gained mutation: You do not regenerate when monsters are
                  | visible. [potion of mutation]
 14813 | Gauntlet | Gained mutation: You occasionally lose the ability to drink
                  | potions when taking damage. [potion of mutation]
 14813 | Gauntlet | Gained mutation: You sometimes lose your temper in combat.
                  | [potion of mutation]
 14813 | Gauntlet | Gained mutation: You have hidden genetic potential. [potion
                  | of mutation]
 14814 | Gauntlet | Lost mutation: You sometimes lose your temper in combat.
                  | [potion of mutation]
 14814 | Gauntlet | Lost mutation: You have hidden genetic potential. [potion
                  | of mutation]
 14814 | Gauntlet | Lost mutation: You occasionally lose the ability to drink
                  | potions when taking damage. [potion of mutation]
 14814 | Gauntlet | Gained mutation: Your mind is acute. (Int +4, Str/Dex -1)
                  | [potion of mutation]
 14841 | Gauntlet | Received a gift from Trog
 14872 | Gauntlet | Identified the +0 helmet of the Vanishing Queens {Stlth+}
 14981 | Gauntlet | Identified the +2 sling "Hydrabane" {drain, rPois rC++
                  | rCorr Int+3}
 14981 | Gauntlet | Identified the +0 kite shield of Absence {rF+ Dex+4}
 15200 | Lair:5   | Reached skill level 16 in Axes
 15624 | Lair:5   | Identified the staff of Starshine {rCorr Int+3 Earth}
 15794 | Lair:5   | Found a runed translucent gate.
 15794 | Lair:5   | Found a runed translucent gate.
 15794 | Lair:5   | Found a runed translucent gate.
 15796 | Lair:5   | Noticed Hyjonapnau's ghost (journeyman DESh)
 15796 | Lair:5   | Noticed Ucobeodgho's ghost (journeyman GrEE)
 15798 | Lair:5   | Noticed Jetich's ghost (journeyman FoFi)
 15798 | Lair:5   | Noticed Xaddion's ghost (journeyman DjIE)
 15949 | Lair:5   | Found a corrupted altar of Lugonu.
 15949 | Lair:5   | Found a one-way gate to the infinite horrors of the Abyss.
 15985 | Lair:5   | Identified the ring "Vueptaz" {Fly rPois}
 16210 | Lair:5   | Killed Xaddion's ghost
 16214 | Lair:5   | Killed Jetich's ghost
 16215 | Lair:5   | Killed Hyjonapnau's ghost
 16218 | Lair:5   | Killed Ucobeodgho's ghost
 16241 | Lair:5   | Identified the amulet of Quaduade {rElec Regen+}
 16546 | D:11     | Reached skill level 10 in Fighting
 16566 | D:11     | Found a frozen archway.
 16588 | IceCv    | Entered an ice cave
 16671 | IceCv    | Reached XP level 15. HP: 112/115 MP: 15/15
 17040 | IceCv    | Identified the +2 war axe "Gitip" {heavy, *Rage rElec
                  | Dex+4} (Trog gifted it to you in an ice cave)
 17040 | IceCv    | Received a gift from Trog
 17107 | IceCv    | Identified the ring "Eggiaw" {*Corrode Will+ MP+9 Dex+6}
 17404 | D:11     | Found a staircase to the Orcish Mines.
 17698 | D:11     | Identified the +10 quarterstaff "Fojae" {drain, Int+2}
 17921 | Orc:1    | Entered Level 1 of the Orcish Mines
 18428 | Orc:2    | Entered Level 2 of the Orcish Mines
 18566 | Orc:2    | Noticed Maurice
 18578 | Orc:2    | Killed Maurice
 18578 | Orc:2    | Reached ****** piety under Trog
 18731 | Orc:2    | Found Kofeur's Magic Scroll Shoppe.
 18736 | Orc:2    | Bought a scroll of enchant weapon for 97 gold pieces
 18736 | Orc:2    | Bought a scroll of revelation for 97 gold pieces
 18736 | Orc:2    | Bought a scroll of torment for 123 gold pieces
 18736 | Orc:2    | Bought a scroll of enchant weapon for 97 gold pieces
 18736 | Orc:2    | Bought a scroll of teleportation for 39 gold pieces
 18736 | Orc:2    | Bought a scroll of revelation for 97 gold pieces
 19034 | Orc:2    | Found Zies's Jewellery Shop.
 19104 | Orc:2    | Found a staircase to the Elven Halls.
 19173 | Orc:2    | Noticed Saint Roka
 19179 | Orc:2    | Received a gift from Trog
 19212 | Orc:2    | Killed Saint Roka
 19213 | Orc:2    | Reached skill level 10 in Shields
 19247 | Orc:2    | Found Tihoic's Antique Weapon Shop.
 19249 | Orc:2    | Found Eciuneaz's Antique Armour Boutique.
 19256 | Orc:2    | Bought a runed broad axe for 175 gold pieces
 19264 | Orc:2    | Bought agate-studded quicksilver dragon scales for 1885
                  | gold pieces
 19264 | Orc:2    | Identified the quicksilver dragon scales "Ydineaw" {Will+
                  | Str+6 Int-4 Stlth+} (You bought it in a shop on level 2 of
                  | the Orcish Mines)
 20144 | D:12     | Found a shadowy altar of Dithmenos.
 20154 | D:12     | Identified the +0 long sword "Newtbane" {drain, Fly rF- rC+
                  | Stlth+}
 20840 | D:14     | Found a gate to the Vaults.
 20884 | D:14     | Identified the +2 flail "Astridogy" {heavy, rPois Will+}
 21183 | D:14     | Gained mutation: You are surrounded by a moderate repulsion
                  | field. (EV +3) [demonic ancestry]
 21183 | D:14     | Reached XP level 16. HP: 108/125 MP: 16/16
 21248 | D:15     | Entered Level 15 of the Dungeon
 21405 | D:15     | Found a staircase to the Depths.
 21416 | D:15     | Reached skill level 10 in Evocations
 22628 | Spider:1 | Reached skill level 10 in Dodging
 22629 | Spider:1 | Reached skill level 10 in Armour
 22953 | Spider:1 | Reached skill level 17 in Axes
 23397 | Spider:1 | Received a gift from Trog
 23497 | Spider:2 | Noticed Azrael
 23516 | Spider:2 | Killed Azrael
 23670 | Spider:2 | Identified a scroll of acquirement
 23847 | Spider:2 | Acquired the +8 broad axe of Cataclysm {speed, Str+2 SInv}
 24321 | Spider:2 | Noticed Arachne
 24336 | Spider:2 | Killed Arachne
 24545 | Spider:2 | Received a gift from Trog
 25051 | Spider:3 | Reached XP level 17. HP: 121/133 MP: 17/17
 25919 | Spider:4 | Entered Level 4 of the Spider Nest
 26193 | Spider:4 | Received a gift from Trog
 26547 | Spider:4 | Lost mutation: Your mind is acute. (Int +4, Str/Dex -1)
                  | [potion of mutation]
 26547 | Spider:4 | Lost mutation: You do not regenerate when monsters are
                  | visible. [potion of mutation]
 26547 | Spider:4 | Gained mutation: Your movements are slightly less
                  | encumbered by armour. (ER -2) [potion of mutation]
 26547 | Spider:4 | Gained mutation: You are clumsy. (Dex -2) [potion of
                  | mutation]
 26547 | Spider:4 | Gained mutation: You are robust. (+10% HP) [potion of
                  | mutation]
 26646 | Spider:4 | Got a gossamer rune of Zot
 27280 | Swamp:1  | Entered Level 1 of the Swamp
 27461 | Swamp:1  | Noticed Josephine
 27473 | Swamp:1  | Killed Josephine
 27601 | Swamp:1  | Received a gift from Trog
 27674 | Swamp:1  | Identified the +7 falchion of the Blessed Realm {drain,
                  | SInv}
 28231 | Swamp:2  | Gained mutation: You have a tail ending in a sharp stinger.
                  | [demonic ancestry]
 28231 | Swamp:2  | Reached XP level 18. HP: 154/156 MP: 18/18
 28306 | Swamp:2  | Found a bloodstained altar of Trog.
 28564 | Swamp:3  | Noticed Nikola
 28590 | Swamp:3  | Killed Nikola
 28721 | Swamp:3  | Identified the +1 war axe "Ugismou" {antimagic, rPois rC-
                  | Will+++ Stlth+} (Trog gifted it to you on level 3 of the
                  | Swamp)
 28721 | Swamp:3  | Received a gift from Trog
 29188 | Swamp:4  | Entered Level 4 of the Swamp
 29554 | Swamp:4  | Got a decaying rune of Zot
 29653 | Swamp:4  | Reached skill level 18 in Axes
 30086 | Orc:2    | Bought the ring "Wiun" {rElec rF+ EV+5 Dex+3} for 949 gold
                  | pieces
 30116 | Elf:1    | Entered Level 1 of the Elven Halls
 30340 | Orc:2    | Bought an amulet of reflection for 450 gold pieces
 31104 | Elf:1    | Received a gift from Trog
 31457 | Elf:2    | Found a runed translucent door.
 31505 | Elf:2    | Found a runed translucent gate.
 31506 | Elf:2    | Found a runed translucent gate.
 31506 | Elf:2    | Found a runed translucent gate.
 31521 | Elf:2    | Found Sitrevox's General Store.
 31525 | Elf:2    | Found Doughuib's Assorted Antiques.
 31771 | Elf:2    | Noticed Zoiloeb's ghost (adept CeHu)
 31935 | Elf:2    | Killed from afar by a deep elf knight

Illustrated notes

Levels and vault maps discovered:
D:1:      wheals_arrival_shading, layout_loops_ring,
          shapermc_ecumenical_altar_rom_forum
D:2:      layout_loops_cross
D:3:      layout_loops_ring, guppyfry_early_orc_mine
D:4:      layout_loops_ring, mainiacjoe_overflow_concentric_impassable,
          minmay_temple_entry_proselytizer
D:5:      layout_cave_pools, portal_sewer_entry_b, nicolae_shop_vocational,
          uniq_pikel
D:6:      layout_basic, uniq_sigmund
D:7:      layout_cave_pools, hangedman_feature_mirror
D:8:      erik_cavepeople, layout_loops_ring, enter_bailey_3, nrook_mini_vaults,
          roderic_roman_lattice, dk_vineyard_1, uniq_erica
D:9:      layout_basic, grunt_temple_overflow_order_and_chaos_2,
          gammafunk_ghost_spectres, patterned_corridor
D:10:     layout_basic, mainiacjoe_overflow_catwalk, david_lair_shrubbed,
          enter_trove_2
D:11:     layout_cave_pools, david_orc_1_choice,
          portal_ice_cave_entry_pillars_2, hangedman_weighted_door
D:12:     layout_cave_pools, chequers_serial_rivers_micro_d,
          nicolae_nh_vlads_tower
D:13:     layout_basic, serial_bayou, serial_bayou_pond_b,
          serial_bayou_lagoon_a, serial_bayou_pond_a, serial_bayou_ford_a,
          serial_bayou_pond_b, serial_bayou_pond_a
D:14:     layout_big_octagon, kennysheep_another_room
D:15:     hangedman_depths_entry_civil_slaughter, layout_irregular_city,
          nicolae_eternal_life
Temple:   nicolae_temple_two_arcs
Lair:1:   layout_roguey, chequers_serial_rivers_marsh, infiniplex_staircase_pool
Lair:2:   layout_long_grid, uniq_nergalle
Lair:3:   layout_chaotic_city, skrybe_swamp_entry_bodies,
          nicolae_spider_entry_lesser_pyramids,
          lightli_volcano_entry_magma_tube, basic_altar, nzn_random_ring
Lair:4:   layout_cave_pods, nicolae_slime_entry_field_trip
Lair:5:   hellmonk_lair_end_abyssal_woods, layout_gridlike,
          gammafunk_ghost_cemetery, gauntlet_entry_generic, grunt_megastairs_4,
          lemuel_fruit_tree
Swamp:1:  layout_basic_swamp, evilmike_swamp_ruin_wall, swamp_pool4,
          uniq_josephine
Swamp:2:  nicolae_swamp_decorative_isthmus, layout_falls_marsh,
          nicolae_swamp_godswood, infiniplex_staircase_pool_2
Swamp:3:  layout_basic_swamp, evilmike_swamp_ruin_house_2, swamp_pool4,
          nicolae_swamp_round_clearing, uniq_nikola
Swamp:4:  swamp_alternative, layout_basic_swamp, swamp_pool4
Spider:1: layout_spider_delve, nicolae_spider_rock_and_or_roll,
          hangedman_spider_tarantella_strand
Spider:2: layout_chambers, uniq_arachne, uniq_azrael
Spider:3: layout_spider_delve
Spider:4: spider_rune_water
Orc:1:    layout_diamond_mine, basic_altar
Orc:2:    grunt_orc_community_town_hall, layout_diamond_mine,
          grunt_orc_community_big_house_2, grunt_orc_community_big_house_1,
          grunt_orc_community_house_2, grunt_orc_community_house_1,
          grunt_orc_community_house_2, grunt_orc_community_house_1,
          grunt_orc_community_house_1, grunt_orc_community_house_2, uniq_maurice
Elf:1:    layout_onion_city, minivault_28
Elf:2:    nicolae_elf_blades_crystal_corner, layout_geoelf_grid,
          ebering_ghost_reflecting_pool, minmay_shoptagon

Skill      XL: |  1  2  3  4  5  6  7  8  9 10 11 12 13 14 15 16 17 18 |
---------------+-------------------------------------------------------+-----
Axes           | 3 4 5 6 7 9 11 13 14 15 16 17 18 | 18.0
Armour         | 3 4 6 7 8 9 10 11 12 | 12.1
Dodging        | 3 4 6 7 8 9 10 11 12 | 12.0
Fighting       | 4 5 7 8 10 11 12 13 | 13.6
Evocations     | 8 9 10 11 12 | 12.5
Shields        | 1 6 8 10 12 13 14 | 14.5

Action                     |  1- 3 |  4- 6 |  7- 9 | 10-12 | 13-15 | 16-18 || total
---------------------------+-------+-------+-------+-------+-------+-------++-------
  Melee: Hand axe          |   137 |    85 |   380 |   114 |       |       ||   716
         Punch             |     1 |       |       |       |       |       ||     1
         Tailslap          |     6 |    11 |    45 |    39 |   246 |   321 ||   668
         Battleaxe         |       |       |       |   260 |       |       ||   260
         Broad axe         |       |       |       |    17 |  1228 |  1414 ||  2659
         Headbutt          |       |       |       |       |    55 |       ||    55
  Throw: Dart              |       |       |     3 |       |       |       ||     3
 Invoke: Berserk           |     4 |     4 |    13 |     6 |    15 |    18 ||    60
         Trog's Hand       |       |       |     1 |     1 |     2 |       ||     4
         Brothers in Arms  |       |       |       |       |     3 |       ||     3
    Use: Potion            |       |       |       |     1 |     8 |     2 ||    11
         Scroll            |       |       |       |    17 |    16 |     4 ||    37
   Stab: Sleeping          |     1 |       |       |       |     7 |    15 ||    23
         Confused          |       |       |     1 |     1 |       |       ||     2
         Paralysed         |       |       |       |     3 |       |       ||     3
         Distracted        |       |       |       |       |       |     5 ||     5
 Armour: Animal skin       |    73 |       |       |       |       |       ||    73
         Chain mail        |       |    43 |   241 |    66 |   611 |       ||   961
         Acid dragon scale |       |       |       |   143 |       |       ||   143
         Quicksilver drago |       |       |       |       |   117 |   745 ||   862
  Dodge: Dodged            |    88 |    35 |   159 |   217 |   596 |   895 ||  1990
  Block: Buckler           |       |    16 |    44 |    12 |       |       ||    72
         Kite shield       |       |       |       |     3 |   715 |   950 ||  1668
         Reflection        |       |       |       |       |       |     8 ||     8

Table legend: (Time is in decaauts)
 A = Elapsed time spent in this place.
 B = Non-inter-level travel time spent in this place.
 C = Inter-level travel time spent in this place.
 D = Time resting spent in this place.
 E = Time spent auto-exploring this place.
 F = Levels seen in this place.
 G = Mean time per level.
                   A        B        C        D        E       F      G
               +--------+--------+--------+--------+--------+-----+--------+
         Total |  31847 |  29996 |   1851 |   2746 |  20823 |  38 |  838.1 |
       Dungeon |  12871 |  12078 |    793 |   1155 |   8916 |  15 |  858.1 |
        Temple |      1 |      1 |      0 |      0 |      0 |   1 |    1.0 |
          Lair |   5666 |   5281 |    385 |    560 |   3544 |   5 | 1133.2 |
         Swamp |   2497 |   2352 |    145 |     70 |   1571 |   4 |  624.2 |
   Spider Nest |   4757 |   4539 |    218 |    327 |   3240 |   4 | 1189.2 |
  Orcish Mines |   1761 |   1490 |    271 |     40 |   1054 |   2 |  880.5 |
   Elven Halls |   1723 |   1686 |     37 |    150 |   1289 |   2 |  861.5 |
         Sewer |    640 |    640 |      0 |    196 |    276 |   1 |  640.0 |
        Bailey |    513 |    513 |      0 |    120 |    273 |   1 |  513.0 |
      Ice Cave |    723 |    723 |      0 |     66 |    404 |   1 |  723.0 |
       Volcano |    258 |    258 |      0 |      8 |    162 |   1 |  258.0 |
      Gauntlet |    432 |    432 |      0 |     50 |     92 |   1 |  432.0 |
               +--------+--------+--------+--------+--------+-----+--------+

Top non-repeatable levels by time:
Spider:2: 1474 daAuts
     D:8: 1437 daAuts
  Lair:3: 1392 daAuts
  Lair:5: 1275 daAuts
Spider:1: 1236 daAuts
  Lair:4: 1198 daAuts
   Elf:1: 1198 daAuts
   Orc:2: 1187 daAuts
Spider:4: 1165 daAuts
     D:9: 1056 daAuts
     D:6: 1041 daAuts
     D:1: 996 daAuts
  Lair:2: 983 daAuts
    D:15: 977 daAuts
     D:4: 907 daAuts
